 Dungeon Crawl Stone Soup version 0.18-a0-1243-g9e52518 (webtiles) character file.

1364 JustSomeDude the Shield-Bearer (level 8, -5/61 HPs)
             Began as a Demonspawn Fighter on Feb 4, 2016.
             Killed by divine providence
             ... invoked by an orc priest
              (16 damage)
             ... on level 6 of the Dungeon on Feb 5, 2016.
             The game lasted 00:10:33 (4203 turns).

JustSomeDude the Shield-Bearer (Demonspawn Fighter) Turns: 4203, Time: 00:10:33

Health: -5/61      AC: 12    Str: 22    XL:     8   Next: 38%
Magic:  8/8        EV:  9    Int: 15    God:
Gold:   268        SH: 10    Dex: 13    Spells: 0 memorised, 7 levels left

rFire  . . .     SeeInvis .     a - +0 war axe
rCold  . . .     Gourm    .     b - +0 scale mail
rNeg   . . .     Faith    .     c - +0 shield
rPois  .         Spirit   .     (no helmet)
rElec  .         Dismiss  .     q - +0 cloak
rCorr  .         Reflect  .     (no gloves)
SustAt .         Harm     .     (no boots)
MR     .....                    l - amulet of regeneration
Stlth  ..........               (no ring)
                                (no ring)

@: mighty, brilliant, drained, not resistant to hostile enchantments, extremely
unstealthy
A: claws 1, rough black scales 1, rot immunity
a: no special abilities


You were on level 6 of the Dungeon.
You were not hungry.

You visited 2 branches of the dungeon, and saw 7 of its levels.
You also visited: Sewer.

You collected 268 gold pieces.

Inventory:

Hand Weapons
 a - a +0 war axe (weapon)
Armour
 b - a +0 scale mail (worn)
 c - a +0 shield (worn)
 q - a +0 cloak (worn)
Jewellery
 l - an amulet of regeneration (around neck)
Scrolls
 g - 5 scrolls of teleportation
 h - 3 scrolls of enchant weapon {unknown}
 p - 4 scrolls of remove curse
 s - a scroll of fog {unknown}
 u - 2 scrolls of identify
Potions
 d - 2 potions of might
 e - a potion of magic {unknown}
 i - 4 potions of brilliance
 j - a potion of flight {unknown}
 k - 6 potions of curing
 m - 2 potions of poison {unknown}
 n - 4 potions of heal wounds {unknown}
 o - a potion of mutation {unknown}
 r - a potion of agility {unknown}
Comestibles
 f - 2 bread rations
 t - a meat ration


   Skills:
 + Level 4.7(3.8) Fighting
 + Level 4.8(3.9) Axes
 + Level 4.6(3.7) Armour
 + Level 4.1(3.2) Dodging
 + Level 0.4(0.0) Stealth
 + Level 5.3(4.4) Shields


You had 7 spell levels left.
You didn't know any spells.

Dungeon Overview and Level Annotations

Branches:
Dungeon (6/15)             Temple (1/1) D:5

Altars:
Ashenzari
Cheibriados
Dithmenos
Elyvilon
Fedhas
Gozag
Makhleb
Nemelex Xobeh
Okawaru
Pakellas
Qazlal
Ru
Sif Muna
Trog
Vehumet
Xom
Yredelemnul
Zin
The Shining One


Innate Abilities, Weirdness & Mutations

You have sharp fingernails.
You are partially covered in rough black scales (AC +4, Dex -1).
You are immune to rotting.


Message History

Drink which item? (? for menu, Esc to quit)
You feel very mighty all of a sudden. You block the wight's attack.
The orc priest hits you but does no damage.
You block the wight's attack.
Unknown command.
Drink which item? (? for menu, Esc to quit)
It was a potion of brilliance.
You feel clever all of a sudden. The orc priest closely misses you.
The wight hits you but does no damage. x2
Drink which item? (? for menu, Esc to quit)
It was a potion of curing.
You feel better.
The orc priest hits you but does no damage.
The wight hits you with a morningstar!
* * * LOW HITPOINT WARNING * * *
Drink which item? (? for menu, Esc to quit)
You feel better. You block the wight's attack.
The orc priest calls down the wrath of Beogh upon you.
Something smites you!
You die...

#.#.....##
#.#......
#.#...#.###
#.........
.......#
#.....#
#ozz..#
#)@#
#.........
#........#
##.##.##..
... .# #.#
# #.. #..


You could see 2 wights and an orc priest.

Vanquished Creatures
  Grinder (D:5)
  An ogre (D:5)
  A phantom (D:4)
  A centaur (D:5)
  A big kobold (Sewer)
  A giant frog (D:5)
  A scorpion (D:5)
  A wight (D:6)
  A wasp zombie (D:5)
  A crimson imp (D:5)
  2 orc priests
  A jelly (D:5)
  3 orc wizards (D:4)
  2 giant frog skeletons
  3 worker ants (D:4)
  The ghost of ololoev the Firebug, a weakling DEFE (D:3)
  10 river rats
  10 adders
  2 oozes
  A worm (D:3)
  6 giant geckos
  13 orcs
  6 ball pythons
  5 giant cockroaches
  8 goblins
  6 hobgoblins
  5 jackals
  23 kobolds
  A quokka (D:4)
  5 bats
  A giant gecko skeleton (D:5)
  4 giant newts
  A quokka skeleton (D:5)
  17 rats
146 creatures vanquished.

Notes
Turn   | Place    | Note
--------------------------------------------------------------
     0 | D:1      | JustSomeDude the Demonspawn Fighter began the quest for the Orb.
     0 | D:1      | Reached XP level 1. HP: 18/18 MP: 1/1
    62 | D:1      | Gained mutation: You are partially covered in rough black scales (AC +4, Dex -1). [demonic ancestry]
    62 | D:1      | Reached XP level 2. HP: 8/24 MP: 2/2
   858 | D:2      | Reached XP level 3. HP: 18/29 MP: 3/3
   887 | D:2      | Found a sacrificial altar of Ru.
   997 | D:2      | Reached skill level 1 in Dodging
  1259 | D:3      | Found a shimmering altar of Xom.
  1270 | D:3      | Found a deep blue altar of Sif Muna.
  1276 | D:3      | Found a glowing silver altar of Zin.
  1290 | D:3      | Noticed ololoev's ghost (weakling DEFE)
  1294 | D:3      | Upgraded the game from 0.18-a0-1229-ge9a1a01 to 0.18-a0-1243-g9e52518
  1310 | D:3      | Killed ololoev's ghost
  1310 | D:3      | Gained mutation: You have sharp fingernails. [demonic ancestry]
  1310 | D:3      | Reached XP level 4. HP: 33/36 MP: 4/4
  1452 | D:3      | Found a sparkling altar of Nemelex Xobeh.
  1452 | D:3      | Found an opulent altar of Gozag.
  1818 | D:3      | Found a glowing drain.
  1825 | Sewer    | Entered a sewer
  1846 | Sewer    | Reached XP level 5. HP: 37/42 MP: 5/5
  1944 | Sewer    | Reached skill level 4 in Fighting
  2021 | Sewer    | Gained mutation: You are immune to rotting. [demonic ancestry]
  2021 | Sewer    | Reached XP level 6. HP: 37/48 MP: 6/6
  2837 | D:4      | Reached XP level 7. HP: 47/54 MP: 7/7
  2845 | D:4      | Found a radiant altar of Vehumet.
  2939 | D:4      | Found a burning altar of Makhleb.
  2940 | D:4      | Noticed a balrug
  3200 | D:5      | Entered Level 5 of the Dungeon
  3301 | D:5      | Found a staircase to the Ecumenical Temple.
  3315 | Temple   | Entered the Ecumenical Temple
  3817 | D:5      | Noticed Grinder
  3827 | D:5      | Paralysed by Grinder for 5 turns
  3865 | D:5      | Killed Grinder
  3865 | D:5      | Reached skill level 5 in Shields
  3865 | D:5      | Reached XP level 8. HP: 35/61 MP: 8/8
  4199 | D:6      | HP: 2/61 [wight/battleaxe (6)]
  4203 | D:6      | Killed from afar by an orc priest

Vault maps used:
D:1:      dpeg_arrival_castle
D:2:      lemuel_crystal_altar, first_bread
D:3:      grunt_temple_overflow_opulence, grunt_temple_overflow_diamond,
          gup_sewer_entry_bubbles
D:4:      lemuel_coloured_pillars_altar, makhleb_altar_promises_db
D:5:      temple_green, uniq_grinder
D:6:      hangedman_cross_stitches, serial_shops, shop, uniq_edmund,
          uniq_duvessa
Temple:   oiseaux_autumnal_temple_12
Sewer:    sewer_minmay_treatment

Action                   |  1- 3 |  4- 6 |  7- 9 || total
-------------------------+-------+-------+-------++-------
Melee: War axe           |   145 |   299 |   155 ||   599
  Use: Scroll            |     3 |       |       ||     3
       Potion            |       |       |     4 ||     4
  Eat: Meat ration       |       |     1 |       ||     1
       Bread ration      |       |     1 |     1 ||     2
